 Dungeon Crawl Stone Soup version 0.30.1-11-g7821555f0a (webtiles) character file.

Game seed: 18156095484455877013

96 Groucho the Shooter (level 4, 0/23 HPs)
             Began as a Spriggan Hunter on Jan 3, 2024.
             Succumbed to an adder's poison
             ... on level 3 of the Dungeon.
             The game lasted 00:03:30 (2303 turns).

Groucho the Shooter (Spriggan Hunter)               Turns: 2303, Time: 00:03:30

Health: 0/23       AC:  3    Str:  7    XL:     4   Next: 41%
Magic:  8/8        EV: 18    Int: 12    God:
Gold:   160        SH:  0    Dex: 18    Spells: 7/7 levels left

rFire   . . .        a - +0 shortbow
rCold   . . .        (shield currently unavailable)
rNeg    . . .        c - +0 robe
rPois   +            (helmet restricted)
rElec   .            e - +0 cloak
rCorr   .            (gloves unavailable)
SInv    +            (boots unavailable)
Will    .....        (no amulet)
Stlth   +++          f - ring of poison resistance
HPRegen 0.23/turn    (no ring)
MPRegen 0.11/turn

%: no passive effects
@: lethally poisoned (0 -> -1), very quick
A: very small, no large weapons, unfitting armour, see invisible, speed 3
a: no special abilities


You were on level 3 of the Dungeon.
You visited 1 branch of the dungeon, and saw 4 of its levels.

You collected 160 gold pieces.

Inventory:

Hand Weapons
 a - a +0 shortbow (weapon)
 p - a +0 dagger of venom
Missiles
 i - 5 curare-tipped darts
Armour
 c - a +0 robe (worn)
 e - a +0 cloak (worn)
Jewellery
 f - a ring of poison resistance (left hand)
 h - a ring of willpower
Wands
 o - a wand of light (6)
Scrolls
 g - a scroll of amnesia {unknown}
 k - 2 scrolls of blinking {unknown}
 l - 4 scrolls of identify {unknown}
 n - a scroll of teleportation {unknown}
Potions
 d - a potion of resistance
 j - 3 potions of flight


   Skills:
 + Level 2.1 Fighting
 + Level 4.4 Ranged Weapons
 + Level 3.7 Dodging
 + Level 3.3 Stealth
 + Level 2.0 Spellcasting


You had 7 spell levels left.
You didn't know any spells.
Your spell library contained the following spells:

 Spells                   Type           Power      Damage    Failure   Level
 Slow                     Hex            4%         N/A       26%         1
 Confusing Touch          Hex            1%         N/A       63%         3
 Hailstorm                Conj/Ice       1%         3d3       63%         3
 Vampiric Draining        Necr           1%         2d6       63%         3
 Ice Form                 Ice/Tmut       1%         N/A       95%         4
 Simulacrum               Ice/Necr       0%         N/A       100%        6


Dungeon Overview and Level Annotations

Branches:
Dungeon (4/15)
 Temple: D:4-7

Altars:
Qazlal
Wu Jian


Innate Abilities, Weirdness & Mutations

You are very small and have problems with some larger weapons.
You are too small for most types of armour.
You have supernaturally acute eyesight. (SInv)
You cover ground extremely quickly. (Speed+++)


Message History

The orc wizard flickers and vanishes for a moment.
You fly upwards.
You feel sick.
There is a stone staircase leading down here.
Unknown command.
Unknown command.
You are too injured to fight recklessly!
You are too injured to fight recklessly!
Unknown command.
Unknown command.
You are too confused!
Unknown command.
It was a potion of cancellation.
Your magical effects are unravelling.
You feel magically purged.
You float gracefully downwards.
You feel less confused.
Your resistance to elements expires.
You feel sick. The adder bites you. The orc completely misses you.
The orc hits you with a +0 flail.
* * * LOW HITPOINT WARNING * * *
Unknown command.
Unknown command.
Really read the scroll of immolation?
As you read the scroll of immolation, it crumbles to dust.
The creatures around you are filled with an inner flame!
* * * LOW HITPOINT WARNING * * *
You feel sick. The adder bites you but does no damage.
The adder closely misses you. The orc closely misses you.
The orc completely misses you.
Unknown command.
Unknown command.
Unknown command.
Unknown command.
Unknown command.
Unknown command.
You are too injured to fight recklessly!
Fire: a) +0 shortbow
Press: ? - help, Q - select action, (/) - cycle Shift-Dir - straight line, f - orc
Aim: an orc, wielding a +0 club (inner flame, 64% to hit)
You shoot an arrow. The arrow hits the orc.
Flame seeps out of the orc.
The orc is moderately wounded.
You die...

##.# #..#
##....#....♣♣... ...#
##.# #...#.........#
##.# #.#
#...#.)##.....# ##.#
#.# #......##.)_...
...# #.#
#####.......... ##.#
#.# #........≈≈ ...#
#.#### ##...≈≈§.≈≈
##.#
#.ooo#######...≈§....
##.#
####@So...###..§.....
...#
######.#####.....#
#### #......######
########


You could see an orc wizard (inner flame, invisible), an adder (inner flame) and
3 orcs.

Vanquished Creatures
  A gnoll (D:2)
  2 adders
  A worm (D:2)
  A dart slug (D:1)
  6 orcs
  5 bats
  3 endoplasms
  4 giant cockroaches
  4 goblins
  4 hobgoblins
  A jackal (D:1)
  2 kobolds
  7 ball pythons
  6 frilled lizards
  9 rats
56 creatures vanquished.

Vanquished Creatures (others)
  A jackal (D:1)
1 creature vanquished.

Grand Total: 57 creatures vanquished

Notes
Turn   | Place    | Note
-------+----------+-------------------------------------------
     0 | D:1      | Groucho the Spriggan Hunter began the quest for the Orb.
     0 | D:1      | Reached XP level 1. HP: 10/10 MP: 2/2
    85 | D:1      | Reached XP level 2. HP: 15/15 MP: 3/3
   221 | D:1      | Reached skill level 1 in Spellcasting
   416 | D:1      | Reached XP level 3. HP: 17/18 MP: 5/5
   784 | D:2      | Found a stormy altar of Qazlal.
  1205 | D:3      | Reached XP level 4. HP: 23/23 MP: 7/7
  2239 | D:3      | Found an ornate altar of the Wu Jian Council.
  2303 | D:3      | Succumbed to an adder's poison

Illustrated notes

Levels and vault maps discovered:
D:1:      ncdulo_smallfort, layout_rooms, serial_bayou_pond_d
D:2:      layout_basic, hellmonk_ecumenical_altar_arch_garden, basic_altar,
          nrook_campfire, minmay_misc_feat_five, grunt_ministairs_13,
          minmay_misc_feat_cross, uniq_crazy_yiuf_cottage
D:3:      layout_loops_cross, nicolae_wu_jian_wuxing_cycle,
          hangedman_decor_opposing, minmay_diced_spiral
D:4:      cheibrodos_thug_alley, layout_basic, cheibrodos_sewer_entry_drain,
          serial_shops, nicolae_shop_back_alley_shop, bh_walls_and_bars,
          uniq_sigmund, uniq_natasha, uniq_duvessa

Skill      XL: |  1  2  3  4 |
---------------+-------------+-----
Stealth        | 2 3 |  3.3
Dodging        | 3 |  3.7
Spellcasting   | 1 2 |  2.0
Fighting       | 2 |  2.1
Ranged Weapons | |  4.4

Action                     |  1- 3 |  4- 6 || total
---------------------------+-------+-------++-------
   Fire: Shortbow          |    96 |    29 ||   125
    Use: Potion            |       |     3 ||     3
         Scroll            |       |     1 ||     1
 Armour: Robe              |     4 |     3 ||     7
  Dodge: Dodged            |    30 |    25 ||    55
